Map: Overgrown Facility

Players

Winthrowe - Winner!

  • Race: Terran Terran
  • League: Silver
  • Spawn Location: 1:00

Nikitta - Winner!

  • Race: Zerg Zerg
  • Spawn Location: 3:00

A.I. 2 (Easy)

  • Race: Protoss Protoss
  • Spawn Location: 7:00

A.I. 3 (Easy)

  • Race: Zerg Zerg
  • Spawn Location: 9:00

VOD

Have the link to the VOD?

Description

Time

  • Played on: Aug. 20, 2017, 5:45 p.m.
  • Length: 11:49
Show
View Real Time Build Order
Export as new Build Order

Winthrowe Terran - Winner!

Build Orders: MMM Bio 

Get SALT Encoding   

  12  0:08  SCV  
  13  0:20  SCV  
  14  0:22  Supply Depot  
  14  0:33  SCV  
  15  0:45  SCV  
  15  0:46  Barracks  
  16  0:53  Refinery  
  16  0:57  SCV  
  17  1:09  SCV  
  18  1:21  SCV  
  18  1:24  Supply Depot  
  19  1:34  SCV  
  19  1:38  Barracks  
  20  1:46  SCV  
  21  1:48  Barracks Tech Lab  
  21  1:58  SCV  
  21  1:59  Engineering Bay  
  22  2:07  Engineering Bay  
  22  2:10  Refinery  
  22  2:13  SCV  
  23  2:23  Marine  
  23  2:28  Barracks  
  24  2:35  SCV  
  25  2:43  Barracks Tech Lab  
  25  2:51  Marine  
  25  2:55  Terran Infantry Weapons Level 1  
  25  2:57  Terran Infantry Armor Level 1  
  26  3:07  Stimpack  
  26  3:17  Marine x2  
  29  3:23  Barracks Reactor  
  28  3:27  Orbital Command  
  28  3:35  Combat Shields  
  28  3:36  Supply Depot  
  28  3:58  Supply Depot  
  28  3:59  Factory  
  28  4:13  Marauder  
  28  4:15  Marauder  
  28  4:16  Marine x2  
  34  4:34  Marine, Marauder  
  34  4:35  Marine  
  34  4:36  Marauder  
  40  4:52  Marine x2  
  40  4:57  Starport  
  42  5:01  Command Center  
  42  5:07  Marauder  
  42  5:08  Marauder  
  42  5:11  SCV  
  47  5:33  Supply Depot  
  47  5:36  Supply Depot  
  47  5:48  Supply Depot  
  47  5:55  Medivac  
  49  6:12  Marauder  
  51  6:27  Marauder  
  53  6:32  Medivac  
  55  6:43  SCV  
  55  6:44  SCV  
  57  6:50  Marauder  
  59  6:55  SCV  
  59  6:59  Armory, Unknown  
  59  7:36  Marine x2, Marauder x2  
  65  7:54  Marine x2  
  65  7:55  Supply Depot  
  65  7:57  Marauder  
  65  7:58  Marauder  
  71  7:59  Medivac  
  71  8:05  Supply Depot  
  71  8:12  Marine x2  
  71  8:17  Supply Depot  
  71  8:18  Marine x2  
  73  8:29  Medivac, Supply Depot  
  73  8:30  Marine x2  
  76  8:37  Marauder  
  76  8:38  Marauder  
  80  8:43  Unknown  
  80  8:47  Marine  
  80  8:48  Marine  
  82  8:58  Marauder  
  82  8:59  Marauder  
  86  9:18  Starport Reactor  
  88  9:31  Marauder x2  
  88  9:33  Marine x2  
  88  9:35  Command Center  
  92  9:47  Supply Depot  
  92  9:50  Marine  
  92  9:51  Marine  
  96  9:53  Marauder x2  
  96  10:08  Marine  
  96  10:10  Supply Depot  
  97  10:16  Marine, Marauder x2  
  102  10:26  Marine  
  103  10:34  Marine  
  104  10:36  Hellbat  
  104  10:37  Marine, Marauder  
  109  10:57  Hellbat  
  110  11:14  Marauder x2  
  114  11:19  Hellbat  
Show
View Real Time Build Order
Export as new Build Order

Nikitta Zerg - Winner!

Build Orders: Pool Only 

Get SALT Encoding   

  12  0:06  Drone  
  13  0:11  Drone  
  14  0:18  Overlord  
  14  0:40  Overlord  
  14  0:42  Drone  
  15  0:43  Drone  
  16  0:58  Drone  
  17  1:07  Drone  
  18  1:20  Drone  
  19  1:27  Extractor  
  19  1:30  Drone  
  19  1:40  Drone  
  20  1:49  Drone  
  21  1:59  Drone  
  22  2:15  Drone  
  23  2:21  Drone  
  24  2:30  Overlord  
  24  2:43  Spawning Pool  
  23  2:46  Drone  
  24  2:54  Extractor  
  24  2:55  Drone  
  24  3:10  Drone  
  25  3:24  Overlord  
  25  3:28  Drone  
  26  3:54  Metabolic Boost  
  26  3:55  Evolution Chamber  
  25  4:07  Roach Warren  
  25  4:10  Drone  
  25  4:11  Zergling x4  
  27  4:28  Queen  
  29  4:43  Zergling x2  
  30  4:50  Roach  
  30  4:52  Roach  
  34  4:58  Zergling x2  
  35  5:09  Zerg Melee Weapons Level 1  
  35  5:34  Overlord  
  35  5:37  Zergling x4  
  32  6:12  Roach x2  
  32  6:16  Zergling x2  
  37  6:25  Queen  
  39  6:56  Roach  
  39  6:57  Roach x2  
  39  7:01  Queen  
  47  7:03  Zerg Missile Weapons Level 1  
  47  7:36  Queen, Zergling x6  
  52  8:14  Overlord  
  52  8:18  Unknown  
  52  8:26  Zergling x2  
  53  8:31  Queen  
  55  8:48  Zergling x6  
  58  8:58  Zerg Ground Armor Level 1  
  58  9:07  Queen  
  59  9:31  Zergling x2  
  59  9:32  Zergling x2  
  59  9:34  Overlord  
  61  10:05  Zergling x6  
Show
View Real Time Build Order
Export as new Build Order

A.I. 2 (Easy) Protoss 

Build Orders:  

Get SALT Encoding   

  12  0:01  Probe (Chrono Boost)  
  13  0:11  Probe (Chrono Boost)  
  14  0:22  Pylon, Probe (Chrono Boost)  
  15  0:40  Probe (Chrono Boost)  
  16  0:44  Assimilator  
  16  0:51  Gateway  
  16  0:54  Pylon  
  16  1:20  Assimilator  
  16  1:37  Zealot  
  16  1:43  Cybernetics Core  
  18  2:09  Pylon  
  18  2:11  Probe (Chrono Boost)  
  18  2:15  Warp Gate  
  19  2:20  Stalker  
  22  2:22  Probe (Chrono Boost)  
  22  2:34  Probe (Chrono Boost)  
  23  2:45  Probe (Chrono Boost)  
  24  2:53  Stalker  
  24  2:57  Probe (Chrono Boost)  
  27  3:08  Probe (Chrono Boost)  
  28  3:27  Adept  
  30  3:59  Adept  
  32  6:58  Probe (Chrono Boost)  
  32  6:59  Sentry  
  34  7:01  Robotics Facility  
  34  7:03  Pylon  
  34  7:05  Nexus  
  34  7:22  Stalker, Probe (Chrono Boost)  
  37  7:25  Pylon  
  29  7:33  Probe (Chrono Boost)  
  29  7:45  Sentry, Probe (Chrono Boost)  
  29  7:49  Observer  
  32  8:07  Stalker  
  32  8:09  Observer  
  35  8:18  Probe (Chrono Boost)  
  32  8:21  Probe (Chrono Boost)  
  32  8:25  Assimilator  
  33  8:28  Assimilator  
  33  8:30  Stalker, Probe (Chrono Boost)  
  33  8:32  Probe (Chrono Boost)  
  37  8:41  Probe (Chrono Boost)  
  38  8:42  Probe (Chrono Boost)  
  39  8:51  Probe (Chrono Boost)  
  39  8:53  Adept  
  39  8:54  Probe (Chrono Boost)  
  43  9:03  Probe (Chrono Boost)  
  43  9:04  Probe (Chrono Boost)  
  44  9:13  Probe (Chrono Boost)  
  44  9:15  Probe (Chrono Boost)  
  44  9:16  Stalker  
  49  9:25  Probe x2 (Chrono Boost)  
  50  9:36  Probe x2 (Chrono Boost)  
  52  9:39  Sentry  
  54  9:46  Probe (Chrono Boost)  
  54  9:48  Probe (Chrono Boost)  
  56  9:57  Probe (Chrono Boost)  
  48  10:00  Probe (Chrono Boost)  
  48  10:02  Zealot  
  50  10:08  Probe (Chrono Boost)  
  50  10:11  Probe (Chrono Boost)  
  52  10:15  Pylon  
  52  10:18  Probe (Chrono Boost)  
  53  10:25  Adept  
  55  10:48  Sentry  
  57  10:59  Pylon  
  43  11:25  Pylon  
  39  11:28  Pylon  
  39  11:29  Pylon  
Show
View Real Time Build Order
Export as new Build Order

A.I. 3 (Easy) Zerg 

Build Orders: Pool First 

Get SALT Encoding   

  12  0:01  Drone  
  13  0:12  Overlord  
  13  0:18  Drone  
  14  0:30  Drone  
  14  0:35  Drone  
  16  0:43  Spawning Pool  
  16  0:45  Drone  
  16  0:48  Extractor  
  15  0:52  Drone  
  16  0:59  Overlord  
  16  1:31  Zergling x2  
  16  1:32  Queen  
  19  1:33  Roach Warren  
  19  1:34  Extractor  
  19  1:37  Zergling x2  
  19  1:38  Drone  
  19  1:42  Drone  
  20  1:53  Zergling x2  
  21  2:03  Zergling x2  
  22  2:14  Zergling x2  
  23  2:25  Zergling x2  
  24  2:35  Overlord  
  24  2:39  Zergling x2, Drone  
  26  2:44  Zergling x2  
  26  2:47  Drone  
  28  2:58  Drone  
  29  3:09  Drone  
  30  3:13  Drone  
  30  3:14  Overlord  
  30  3:17  Drone  
  32  5:19  Lair, Overlord, Roach, Drone  
  35  5:23  Drone  
  35  5:27  Drone  
  37  5:32  Drone  
  38  5:38  Hatchery  
  38  5:39  Roach, Drone  
  39  6:00  Ravager  
  39  6:01  Roach  
  35  6:20  Overseer x2, Hydralisk Den  
  35  6:21  Zergling x2  
  35  6:51  Hydralisk, Drone  
  38  6:56  Drone  
  38  6:59  Extractor  
  38  7:00  Extractor, Drone  
  38  7:04  Drone  
  39  7:09  Drone  
  39  7:12  Hydralisk  
  39  7:13  Drone  
  43  7:17  Drone  
  43  7:22  Drone  
  45  7:26  Drone  
  46  7:30  Drone  
  46  7:34  Drone  
  48  7:39  Drone  
  48  7:43  Drone  
  50  7:47  Drone  
  51  7:52  Drone  
  51  7:56  Drone  
  51  7:57  Overlord  
  53  8:00  Drone  
  53  8:03  Hydralisk  
  53  8:05  Drone  
  56  8:09  Queen, Drone  
  56  8:10  Overseer  
  53  8:16  Overlord, Drone  
  53  8:18  Zergling x2  
  48  8:20  Drone  
  49  8:31  Overseer  
  47  8:34  Roach Warren, Hydralisk  
  47  8:37  Overlord  
  47  8:49  Overseer  
  47  8:50  Spawning Pool  
  47  8:54  Overlord  
  44  9:01  Drone  
  36  9:13  Drone  
  36  9:14  Roach  
  35  9:22  Spawning Pool  
  34  9:30  Overlord  
  34  9:31  Drone  
  31  9:52  Overlord  
Tags
 
Add a new tag
Caveats
  • Supply blocks, unpowered buildings, or Contaminate may cause inaccurate times.
  • Supply counts are checked every 10 seconds.